 Dungeon Sprint DCSS version 0.27-a0-93-g19769c27d7 (webtiles) character file.

Game seed: 13736166509050435360

1249 mhtbhm the Fighter (level 8, 0/124 HPs)
             Began as a Purple Draconian Berserker on Jan 17, 2021.
             Was an Elder of Trog.
             Slain by Sonja
             ... wielding a +2 dagger of distortion
              (2 damage)
             ... in the Dungeon (Sprint I: "Red Sonja").
             The game lasted 00:01:06 (661 turns).

mhtbhm the Fighter (Purple Draconian Berserker)      Turns: 661, Time: 00:01:07

Health: 0/124      AC:  6    Str: 21    XL:     8   Next: 26%
Magic:  8/8        EV: 17    Int:  7    God:    Trog [****..]
Gold:   414        SH:  0    Dex: 12    Spells: 7/7 levels left

rFire    . . .     SeeInvis .   a - +0 falchion
rCold    . . .     Faith    .   (no shield)
rNeg     . . .     Spirit   .   (armour unavailable)
rPois    .         Reflect  .   (helmet restricted)
rElec    .         Harm     .   (no cloak)
rCorr    .         Rampage  .   (no gloves)
Will     +....     NoTele   +   (no boots)
Stlth    ..........             (no amulet)
HPRegen  0.30/turn              (no ring)
MPRegen  0.11/turn              (no ring)

@: berserking (expiring), lethally poisoned (0 -> 0), slowed
A: breathe power, unfitting armour, cold-blooded, AC +6
a: Breathe Dispelling Energy, Renounce Religion, Berserk, Trog's Hand, Brothers
in Arms


You were in the Dungeon.
You worshipped Trog.
Trog was greatly pleased with you.
You visited 1 branch You collected 414 gold pieces.

Inventory:

Hand Weapons
 a - a +0 falchion (weapon)
Scrolls
 g - a scroll of blinking
 i - a scroll of identify {unknown}
Potions
 b - a potion of curing
 c - a potion of heal wounds
 d - a potion of haste
 e - 2 potions of magic
 f - a potion of berserk rage
 h - a potion of cancellation {unknown}


   Skills:
 + Level 11.7 Fighting
 + Level 11.6 Long Blades
 + Level 9.3 Dodging
 + Level 1.5 Stealth


You had 7 spell levels left.
You didn't know any spells.
Your spell library was empty.

Dungeon Overview and Level Annotations

Branches:
Dungeon (1/1)

Altars:
Cheibriados
Dithmenos
Elyvilon
Fedhas
Gozag
Hepliaklqana
Kikubaaqudgha
Makhleb
Nemelex Xobeh
Okawaru
Qazlal
Ru
Sif Muna
Trog
Uskayaw
Vehumet
Wu Jian
Xom
Yredelemnul
Zin
The Shining One
Jiyva
Lugonu

Shops:
D =

Annotations:
D Sonja


Innate Abilities, Weirdness & Mutations

You can breathe bolts of dispelling energy.
Your rich purple scales are hard. (AC +6)
You cannot fit into any form of body armour.
You are cold-blooded and may be slowed by cold attacks.


Message History

Space bends around you.
* * * LOW HITPOINT WARNING * * *
Sonja barely misses you.
Unknown command.
You miss Sonja.
Sonja is heavily wounded.
You feel sick.
Sonja hits you with a +2 dagger of distortion.
* * * LOW HITPOINT WARNING * * *
Space bends around you!
* * * LOW HITPOINT WARNING * * *
Sonja hits you with a +2 dagger of distortion.
* * * LOW HITPOINT WARNING * * *
Sonja closely misses you.
You barely miss Sonja.
Sonja is heavily wounded.
Sonja hits you with a +2 dagger of distortion.
* * * LOW HITPOINT WARNING * * *
Space bends around you.
You die...

##########################
#<.#..)..#..'..#__#..')..#
#..)..#..').#..'..'..#)..#
#..#####'#####'#__####...+
#..####..#...#.#### #####
#..#__####..##)#
#..#_____##'#_.+
#⌠⌠#_.∩...÷.K._#
####_..__##_@#'#
#_____###(#.# #######
#.### $.$ #$.$# ##.## #+#


You could see Sonja.

Vanquished Creatures
  2 kobold demonologists (D)
  A slime creature (D)
  Sigmund (D)
  A yak (D)
  A floating eye (D)
  An ogre (D)
  A jelly (D)
  Ijyb (D)
9 creatures vanquished.

Notes
Turn   | Place    | Note
-------+----------+-------------------------------------------
     0 | D        | mhtbhm the Draconian Berserker began the quest for the Orb.
     0 | D        | Reached XP level 1. HP: 19/19 MP: 1/1
     1 | D        | Noticed Ijyb
     8 | D        | Killed Ijyb
     9 | D        | Reached XP level 2. HP: 28/28 MP: 2/2
    40 | D        | Noticed an ogre
    43 | D        | Killed an ogre
    44 | D        | Reached skill level 5 in Dodging
    44 | D        | Reached XP level 3. HP: 38/38 MP: 3/3
    44 | D        | Reached XP level 4. HP: 45/45 MP: 4/4
   138 | D        | Noticed Sigmund
   144 | D        | Killed Sigmund
   144 | D        | Reached ** piety under Trog
   145 | D        | Reached XP level 5. HP: 56/56 MP: 5/5
   145 | D        | Reached XP level 6. HP: 62/62 MP: 6/6
   197 | D        | Found an ornate altar of the Wu Jian Council.
   197 | D        | Found a shimmering blue altar of Sif Muna.
   199 | D        | Found a radiant altar of Vehumet.
   377 | D        | Found Ohirrof's Jewellery Emporium.
   377 | D        | Found an ancient bone altar of Kikubaaqudgha.
   377 | D        | Found a hazy altar of Hepliaklqana.
   377 | D        | Found a stormy altar of Qazlal.
   377 | D        | Found a hide-covered altar of Uskayaw.
   377 | D        | Found a blossoming altar of Fedhas.
   377 | D        | Found a bloodstained altar of Trog.
   377 | D        | Found an iron altar of Okawaru.
   377 | D        | Found a basalt altar of Yredelemnul.
   377 | D        | Found a glowing golden altar of the Shining One.
   377 | D        | Found a snail-covered altar of Cheibriados.
   377 | D        | Found a sacrificial altar of Ru.
   377 | D        | Found a glowing silver altar of Zin.
   377 | D        | Found a shadowy altar of Dithmenos.
   377 | D        | Found a white marble altar of Elyvilon.
   377 | D        | Noticed a yak
   389 | D        | Killed a yak
   390 | D        | Found an opulent altar of Gozag.
   391 | D        | Found a sparkling altar of Nemelex Xobeh.
   420 | D        | Found a burning altar of Makhleb.
   420 | D        | Found a viscous altar of Jiyva.
   420 | D        | Found a shimmering altar of Xom.
   420 | D        | Found a corrupted altar of Lugonu.
   420 | D        | Noticed a slime creature
   429 | D        | Killed a slime creature
   429 | D        | Reached *** piety under Trog
   430 | D        | Reached skill level 10 in Fighting
   430 | D        | Reached skill level 10 in Long Blades
   430 | D        | Your scales start taking on a rich purple colour.
   430 | D        | Reached XP level 7. HP: 73/73 MP: 7/7
   503 | D        | Noticed a kobold demonologist
   504 | D        | Noticed a kobold demonologist
   507 | D        | Reached skill level 1 in Stealth
   516 | D        | Noticed a neqoxec
   516 | D        | Killed a kobold demonologist
   524 | D        | Killed a kobold demonologist
   524 | D        | Reached **** piety under Trog
   525 | D        | Reached XP level 8. HP: 83/83 MP: 8/8
   651 | D        | Noticed Sonja
   660 | D        | HP: 5/124 [Sonja/+2 dagger of distortion (2)]
   661 | D        | HP: 2/124 [Sonja/+2 dagger of distortion (3)]
   661 | D        | Slain by Sonja

Illustrated notes

Levels and vault maps discovered:
D:        dungeon_sprint_1 [red_sonja_temple_1, red_sonja_temple_small_1]

Skill      XL: |  1  2  3  4  5  6  7 |
---------------+----------------------+-----
Fighting       | 4 6 8 10 11 | 11.7
Long Blades    | 4 6 8 10 11 | 11.6
Dodging        | 4 5 6 8 9 |  9.3
Stealth        | 1 |  1.5

Action                   |  1- 3 |  4- 6 |  7- 9 || total
-------------------------+-------+-------+-------++-------
Melee: Falchion          |     8 |    28 |    26 ||    62
       Tailslap          |     3 |     4 |     2 ||     9
Invok: Berserk           |     2 |     3 |     2 ||     7
Armor: Skin              |       |     2 |     9 ||    11
Dodge: Dodged            |     3 |    10 |    20 ||    33
       Rpst.: Falchion   |     3 |     4 |     2 ||     9

Table legend: (Time is in decaauts)
 A = Elapsed time spent in this place.
 B = Non-inter-level travel time spent in this place.
 C = Inter-level travel time spent in this place.
 D = Time resting spent in this place.
 E = Time spent auto-exploring this place.
 F = Levels seen in this place.
 G = Mean time per level.
                   A        B        C        D        E       F      G
               +--------+--------+--------+--------+--------+-----+--------+
         Total |    709 |    709 |      0 |    525 |      1 |   1 |  709.0 |
       Dungeon |    709 |    709 |      0 |    525 |      1 |   1 |  709.0 |
               +--------+--------+--------+--------+--------+-----+--------+

Top non-repeatable levels by time:
       D: 709 daAuts
